 Dungeon Crawl Stone Soup version 0.19.3-1-g3169bf9 (console) character file.

5336 Kloppie the Cleaver (level 10, 0/168 HPs)
             Began as a White Draconian Berserker on Jan 24, 2017.
             Was an Elder of Trog.
             Killed by vampiric draining
             ... invoked by a vampire
              (7 damage)
             ... on level 9 of the Dungeon.
             The game lasted 00:10:06 (8691 turns).

Kloppie the Cleaver (White Draconian Berserker)     Turns: 8691, Time: 00:10:07

Health: 0/168      AC:  7    Str: 25    XL:     10   Next: 38%
Magic:  10/10      EV: 12    Int:  8    God:    Trog [****..]
Gold:   340        SH:  0    Dex: 13    Spells: 0 memorised, 9 levels left

rFire  . . .     SeeInvis .     a - +0 war axe
rCold  + + .     Gourm    .     (armour unavailable)
rNeg   . . .     Faith    .     (no shield)
rPois  .         Spirit   .     (helmet restricted)
rElec  .         Reflect  .     (no cloak)
rCorr  +         Harm     .     (no gloves)
MR     .....     Clarity  +     (no boots)
Stlth  ..........               (no amulet)
                                (no ring)
                                c - ring of resist corrosion

@: berserking, lethally poisoned (0 -> 0), heavily drained, very quick
A: breathe frost, unfitting armour, clarity, cold resistance 2, robust 2,
cold-blooded, AC +7
a: Breathe Frost, Berserk, Trog's Hand, Brothers in Arms, Burn Spellbooks,
Renounce Religion


You were on level 9 of the Dungeon.
You worshipped Trog.
Trog was greatly pleased with you.
You were very hungry.

You visited 1 branch of the dungeon, and saw 9 of its levels.

You collected 465 gold pieces.
You spent 125 gold pieces at shops.

Inventory:

Hand Weapons
 a - a +0 war axe (weapon)
 g - a +0 hand axe
 j - a cursed -3 broad axe
Jewellery
 c - a ring of resist corrosion (left hand)
Wands
 d - a wand of enslavement (6/24)
 i - a wand of digging (10/24)
Scrolls
 f - 2 scrolls of magic mapping
 l - 2 scrolls of recharging
 p - a scroll of teleportation
 q - 2 scrolls of fear
 s - 4 scrolls of identify
 u - 3 scrolls of remove curse
 w - a scroll of fog
Potions
 e - 2 potions of might
 h - 3 potions of brilliance
 k - a potion of cure mutation
 n - 3 potions of curing
 o - a potion of magic
Comestibles
 b - 4 bread rations
 m - 5 fruits


   Skills:
 - Level 10.5(9.1) Fighting
 + Level 12.4(10.9) Axes
 + Level 3.3(2.1) Dodging


You had 9 spell levels left.
You didn't know any spells.

Dungeon Overview and Level Annotations

Branches:
Dungeon (9/15)             Temple (0/1) D:7
   Lair: D:8-11         Orc: D:9-12

Altars:

Shops:
D:9 (*=


Innate Abilities, Weirdness & Mutations

You can breathe waves of freezing cold.
You can buffet flying creatures when you breathe cold.
Your icy white scales are hard. (AC +7)
You cannot fit into any form of body armour.
Your flesh is very cold resistant. (rC++)
You are cold-blooded and may be slowed by cold attacks.
You possess an exceptional clarity of mind.
You are very robust. (+20% HP)


Message History

Something draws strength from your injuries!
You hit something but do no damage. Something hits you.
* * * LOW HITPOINT WARNING * * *
Something bites you!
* * * LOW HITPOINT WARNING * * *
Something draws strength from your injuries!
You completely miss something. You hit something. Something hits you!
* * * LOW HITPOINT WARNING * * *
Something bites you.
* * * LOW HITPOINT WARNING * * *
Something draws strength from your injuries!
You miss something. Something hits you.
* * * LOW HITPOINT WARNING * * *
Something bites you.
* * * LOW HITPOINT WARNING * * *
Something draws strength from your injuries!
You slash something! You completely miss something.
You feel sick.
Unholy energy fills the air.
You die...

#.# #.# #.# #.# ### #.#
∩.. ##########'###
##.#### #............#
.......
#............###†......
#............#.@)......
#............#.#{......
#............'.#.......
#............###.......
#............# #######
##############


There were no monsters in sight!

Vanquished Creatures
  Pikel (D:6)
  A deep elf mage (D:6)
  Psyche (D:8)
  A hornet (D:6)
  Prince Ribbit (D:8)
  A hungry ghost (D:8)
  A water moccasin (D:6)
  Duvessa (D:7)
  2 orc warriors
  3 ice beasts
  2 sky beasts
  2 ogres
  A black bear (D:8)
  2 phantoms
  A centaur (D:6)
  A wyvern zombie (D:6)
  6 bullfrogs
  A scorpion (D:8)
  Dowan (D:7)
  14 wights
  3 killer bees (D:9)
  3 howler monkeys (D:8)
  2 crimson imps
  3 orc priests
  3 hounds
  A bullfrog skeleton (D:8)
  2 jellies
  A centaur skeleton (D:6)
  Natasha (D:2)
  An iguana (D:7)
  5 orc wizards
  6 worker ants
  2 hound skeletons (D:4)
  6 gnolls
  6 adders
  4 shadow imps
  An ooze (D:6)
  An adder zombie (D:4)
  4 worms
  9 leopard geckos
  27 orcs
  7 giant cockroaches
  9 goblins
  2 hobgoblins (D:1)
  5 jackals
  4 quokkas
  A ball python (D:8)
  8 bats
  3 frilled lizards
  A jackal zombie (D:6)
  3 kobolds
  A quokka skeleton (D:5)
  6 rats
185 creatures vanquished.

Vanquished Creatures (others)
  2 slaves (D:6)
  An orc priest (D:6)
  An orc (D:6)
4 creatures vanquished.

Grand Total: 189 creatures vanquished

Notes
Turn   | Place    | Note
-------+----------+-------------------------------------------
     0 | D:1      | Kloppie the Draconian Berserker began the quest for the Orb.
     0 | D:1      | Reached XP level 1. HP: 19/19 MP: 1/1
   235 | D:1      | Reached XP level 2. HP: 22/26 MP: 2/2
   504 | D:1      | Reached ** piety under Trog
   785 | D:1      | Reached XP level 3. HP: 31/33 MP: 3/3
  1081 | D:2      | Reached skill level 4 in Axes
  1223 | D:2      | Reached XP level 4. HP: 36/41 MP: 4/4
  1739 | D:2      | Noticed Natasha
  1747 | D:2      | Killed Natasha
  1892 | D:2      | Gained mutation: You are robust. (+10% HP) [potion of mutation]
  1892 | D:2      | Gained mutation: You possess an exceptional clarity of mind. [potion of mutation]
  1892 | D:2      | Gained mutation: Your flesh is cold resistant. (rC+) [potion of mutation]
  2046 | D:3      | Reached skill level 5 in Fighting
  2046 | D:3      | Reached XP level 5. HP: 52/52 MP: 5/5
  2303 | D:3      | Reached *** piety under Trog
  2564 | D:4      | Reached skill level 5 in Axes
  2617 | D:4      | Reached XP level 6. HP: 48/61 MP: 6/6
  2702 | D:4      | Reached skill level 6 in Axes
  3544 | D:5      | Entered Level 5 of the Dungeon
  4157 | D:5      | Your scales start taking on an icy white colour.
  4157 | D:5      | Reached XP level 7. HP: 48/67 MP: 7/7
  4157 | D:5      | Gained mutation: Your flesh is very cold resistant. (rC++) [White Draconian growth]
  4397 | D:5      | Reached skill level 7 in Axes
  4672 | D:6      | Reached skill level 8 in Axes
  4894 | D:6      | Reached XP level 8. HP: 17/75 MP: 8/8
  4904 | D:6      | Reached skill level 9 in Axes
  5463 | D:6      | Noticed a hornet
  5483 | D:6      | Paralysed by a hornet for 2 turns
  5487 | D:6      | Killed a hornet
  5639 | D:6      | Noticed Pikel
  5663 | D:6      | Killed Pikel
  5663 | D:6      | Reached skill level 10 in Axes
  5950 | D:6      | Reached XP level 9. HP: 72/86 MP: 9/9
  6033 | D:6      | Noticed a deep elf mage
  6039 | D:6      | Killed a deep elf mage
  6182 | D:6      | Reached skill level 11 in Axes
  6642 | D:7      | Found a staircase to the Ecumenical Temple.
  6697 | D:7      | Reached **** piety under Trog
  6963 | D:7      | Noticed Duvessa
  6964 | D:7      | Noticed Dowan
  6972 | D:7      | Killed Dowan
  6975 | D:7      | Killed Duvessa
  7096 | D:7      | Gained mutation: You are very robust. (+20% HP) [potion of beneficial mutation]
  7593 | D:8      | Noticed Prince Ribbit
  7842 | D:8      | Killed Prince Ribbit
  7842 | D:8      | Reached XP level 10. HP: 77/111 MP: 10/10
  7877 | D:8      | Reached skill level 10 in Fighting
  7948 | D:8      | Noticed Psyche
  7954 | D:8      | Killed Psyche
  7954 | D:8      | Reached skill level 12 in Axes
  8598 | D:9      | Found Guybeymm's Weapon Boutique.
  8643 | D:9      | Found Boug's Assorted Antiques.
  8647 | D:9      | Bought a scroll labeled CETHRY TUPPINAP for 25 gold pieces
  8647 | D:9      | Bought a scroll of identify for 50 gold pieces
  8647 | D:9      | Bought a scroll of identify for 50 gold pieces
  8667 | D:9      | Found Buext's Jewellery Boutique.
  8689 | D:9      | HP: 8/168 [something (6)]
  8691 | D:9      | Killed from afar by a vampire

Skill      XL: |  1  2  3  4  5  6  7  8  9 10 |
---------------+-------------------------------+-----
Fighting       | 4 5 7 9 10 | 10.5
Axes           | 4 5 6 8 10 11 12 | 12.4
Dodging        | 3 |  3.3

Action                   |  1- 3 |  4- 6 |  7- 9 | 10-12 || total
-------------------------+-------+-------+-------+-------++-------
Melee: Hand axe          |   106 |   209 |   216 |       ||   531
       Tailslap          |     9 |    29 |    55 |    16 ||   109
       War axe           |       |       |   124 |   106 ||   230
Invok: Berserk           |     2 |     6 |     8 |     4 ||    20
       Trog's Hand       |       |       |     3 |     1 ||     4
 Abil: Breathe Frost     |       |       |     3 |       ||     3
  Use: Scroll            |       |     7 |     5 |     1 ||    13
       Potion            |       |     2 |     6 |       ||     8
 Stab: Sleeping          |       |     1 |       |       ||     1
  Eat: Chunk             |     3 |    15 |    11 |     4 ||    33
       Meat ration       |       |       |     3 |       ||     3
Armor: Skin              |    27 |    53 |    66 |    37 ||   183
Dodge: Dodged            |    77 |   109 |   177 |    50 ||   413
